 Dungeon Crawl Stone Soup version 0.24.0-13-gcf9b3192b9 (webtiles) character file.

Game seed: 14971316474025268605, levelgen mode: classic

120967 EnegeticOcto the Severer (level 16, 0/145 HPs)
             Began as a Minotaur Fighter on Nov 9, 2019.
             Was the Champion of Okawaru.
             Slain by Ilsuiw
             ... wielding a +1 trident of freezing
              (1 damage)
             ... on level 4 of the Shoals.
             The game lasted 00:21:44 (24702 turns).

EnegeticOcto the Severer (Minotaur Fighter)        Turns: 24702, Time: 00:21:45

Health: 0/145      AC: 28    Str: 34    XL:     16   Next: 31%
Magic:  19/23      EV: 26    Int:  9    God:    Okawaru [******]
Gold:   1360       SH: 18    Dex: 18    Spells: 15/15 levels left

rFire    + . .     SeeInvis .   T - +5 broad axe "Sapsoc" {flame, Str+3 Int+4 Dex+3}
rCold    + . .     Gourm    .   b - +1 shield {AC+3}
rNeg     . . .     Faith    +   N - +0 plate armour
rPois    .         Spirit   .   (helmet restricted)
rElec    .         Reflect  .   I - scarf {rC+ rF+}
rCorr    .         Harm     .   U - +1 pair of gloves {Dex+3}
MR       ++...                  v - +2 pair of boots {Stlth+}
Stlth    ..........             L - amulet of faith
HPRegen  0.34/turn              G - ring of protection from magic
MPRegen  0.18/turn              a - +5 ring of evasion

@: mighty, lethally poisoned (0 -> -5), heroism, finesse, mesmerised, very slow
A: retaliatory headbutt, horns 2
a: Heroism, Finesse, Renounce Religion


You were on level 4 of the Shoals.
You worshipped Okawaru.
Okawaru was exalted by your worship.
You were not hungry.

You visited 4 branches of the dungeon, and saw 26 of its levels.
You also visited: Sewer, Gauntlet and Ice Cave.

You collected 2018 gold pieces.
You spent 658 gold pieces at shops.

Inventory:

Hand Weapons
 f - a +1 short sword of distortion
 T - the +5 broad axe "Sapsoc" (weapon) {flame, Str+3 Int+4 Dex+3}
   (Okawaru gifted it to you in an ice cave)

   It has been specially enchanted to burn those struck by it, causing extra
   injury to most foes and up to half again as much damage against particularly
   susceptible opponents.
   Big, fiery blades are also staple armaments of hydra-hunters.
   It affects your strength (+3).
   It affects your intelligence (+4).
   It affects your dexterity (+3).
 Y - a +0 broad axe
Missiles
 w - 22 javelins
 B - 6 throwing nets (quivered) {!f}
 W - 13 silver javelins
Armour
 b - a +1 shield of protection (worn)
 v - a +2 pair of boots of stealth (worn)
 I - a scarf of resistance (worn)
 N - a +0 plate armour (worn)
 U - a +1 pair of gloves of dexterity (worn)
Jewellery
 a - a +5 ring of evasion (right hand)
 k - an uncursed ring of resist corrosion
 G - a ring of protection from magic (left hand)
 L - an amulet of faith (around neck)
Wands
 l - a wand of iceblast (14)
 m - a wand of paralysis (5)
 t - a wand of digging (10)
 D - a wand of clouds (12)
 F - a wand of disintegration (15)
 H - a wand of acid (21)
 P - a wand of scattershot (4)
 Q - a wand of flame (23)
 V - a wand of enslavement (13)
Scrolls
 g - 12 scrolls of identify {@r1}
 n - 7 scrolls of remove curse {@r2}
 o - 2 scrolls of enchant armour
 q - 9 scrolls of teleportation {@r3 !r}
 r - 4 scrolls of enchant weapon
 x - 6 scrolls of immolation
 C - a scroll of vulnerability
 E - 7 scrolls of magic mapping {@r5 !r}
 J - 3 scrolls of fog {!r}
 K - 2 scrolls of blinking {@r4}
 M - a scroll of torment
Potions
 c - 3 potions of mutation
 d - 6 potions of might {@q3 !q}
 i - 3 potions of magic
 j - 12 potions of curing {@q1 !q}
 p - 7 potions of brilliance
 s - 3 potions of flight
 u - 3 potions of degeneration
 A - 2 potions of haste {@q4 !q}
 O - 4 potions of lignification {@q6}
 R - 2 potions of berserk rage
 S - 2 potions of resistance
 X - 3 potions of heal wounds {@q2 !q}
Miscellaneous
 h - a sack of spiders
 z - a phantom mirror
Comestibles
 e - 41 rations
 Z - 9 chunks of flesh


   Skills:
 + Level 13.7(18.7) Fighting
 * Level 18.2(23.2) Axes
 + Level 13.9(18.9) Armour
 + Level 12.2(17.2) Dodging
 + Level 13.9(18.9) Shields
 + Level 10.9 Invocations


You had 15 spell levels left.
You didn't know any spells.
Your spell library contained the following spells:

 Spells                   Type           Power        Failure   Level  Hunger
 Animate Skeleton         Necr           N/A          83%         1    ##.....
 Apportation              Tloc           #.....       83%         1    ##.....
 Beastly Appendage        Tmut           #.....       83%         1    ##.....
 Confusing Touch          Hex            #.....       83%         1    ##.....
 Corona                   Hex            #......      83%         1    ##.....
 Summon Small Mammal      Summ           #...         83%         1    ##.....
 Blink                    Tloc           N/A          92%         2    ###....
 Shroud of Golubria       Chrm/Tloc      #.....       92%         2    ###....
 Slow                     Hex            #.......     92%         2    ###....
 Sticks to Snakes         Tmut           #.......     92%         2    ###....
 Gell's Gravitas          Tloc           #.........   99%         3    ####...
 Inner Flame              Hex/Fire       #.......     99%         3    ####...
 Lesser Beckoning         Tloc           #.........   99%         3    ####...
 Portal Projectile        Hex/Tloc       #.....       99%         3    ####...
 Spider Form              Tmut/Pois      #.........   99%         3    ####...
 Teleport Other           Tloc           #.......     99%         3    ####...
 Cause Fear               Hex            #.........   100%        4    #####..
 Ice Form                 Ice/Tmut       #.......     100%        4    #####..
 Leda's Liquefaction      Hex/Erth       #.........   100%        4    #####..
 Passage of Golubria      Tloc           N/A          100%        4    #####..
 Blade Hands              Tmut           #.........   100%        5    ######.
 Bolt of Magma            Conj/Fire/Erth #.........   100%        5    ######.
 Iskenderun's Battlesphe  Conj/Chrm      #.......     100%        5    ######.
 Metabolic Englaciation   Hex/Ice        #.........   100%        5    ######.
 Venom Bolt               Conj/Pois      #.........   100%        5    ######.
 Bolt of Cold             Conj/Ice       #.........   100%        6    #######
 Freezing Cloud           Conj/Ice/Air   #.........   100%        6    #######
 Iron Shot                Conj/Erth      #.........   100%        6    #######
 Ozocubu's Refrigeration  Ice            #.........   100%        6    #######
 Simulacrum               Ice/Necr       #.........   100%        6    #######
 Orb of Destruction       Conj           #.........   100%        7    #######
 Spellforged Servitor     Conj/Summ      #.........   100%        7    #######


Dungeon Overview and Level Annotations

Branches:
Dungeon (15/15)            Temple (1/1) D:5            Lair (6/6) D:9
 Shoals (4/4) Lair:4       Spider (0/4) Lair:3        Slime (0/5) Lair:5
    Orc (0/2) D:11         Vaults (0/5) D:14         Depths (0/5) D:15
  Sewer (visited)           IceCv (visited)         Gauntlet (visited)

Altars:
Ashenzari
Cheibriados
Dithmenos
Elyvilon
Fedhas
Gozag
Hepliaklqana
Kikubaaqudgha
Makhleb
Nemelex Xobeh
Okawaru
Qazlal
Ru
Sif Muna
Trog
Uskayaw
Vehumet
Wu Jian
Xom
Yredelemnul
Zin
The Shining One
Jiyva

Shops:
D:6 [   D:9 (   D:12 =   D:14 [!*

Portals:
Bazaar: Shoals:4

Annotations:
Lair:5 1 runed translucent door
Shoals:3 2 runed translucent doors, archon2's ghost, adept DEFE
Shoals:4 Ilsuiw


Innate Abilities, Weirdness & Mutations

You reflexively headbutt those who attack you in melee.
You have a pair of horns on your head.


Message History

The merfolk impaler misses you. You furiously retaliate!
You headbutt the merfolk impaler!
The merfolk impaler completely misses you.
The water elemental misses you. You furiously retaliate!
You headbutt the water elemental!
You destroy the water elemental!
The water elemental hits your snapping turtle.
Your merfolk throws a boomerang.
The boomerang hits the merfolk impaler!
The weapon returns to your merfolk!
The merfolk impaler hits you from afar with a +2 trident of venom!
* * * LOW HITPOINT WARNING * * *
You are poisoned.
The merfolk impaler completely misses you.
You furiously retaliate!
You headbutt the merfolk impaler, but do no damage.
Really quaff
X - 4 potions of heal wounds {@q2 !q}?
You feel much better.
You feel sick.
The merfolk javelineer throws a silver javelin.
Your wind drake deflects the silver javelin!
The silver javelin pierces through you!
* * * LOW HITPOINT WARNING * * *
x2 The silver javelin pierces through your water elemental!!
Your water elemental is destroyed!
You hear a splash.
The water nymph points at you and mumbles some strange words.
The water swirls and strikes you.
* * * LOW HITPOINT WARNING * * *
The merfolk javelineer throws a silver javelin.
Your wind drake deflects the silver javelin!
The silver javelin pierces through you.
* * * LOW HITPOINT WARNING * * *
x2 You hear a splash.
Your snapping turtle bites the water elemental but does no damage.
The merfolk siren misses you. You block something's attack.
The merfolk impaler misses you. You furiously retaliate!
You headbutt the merfolk impaler! You block the merfolk impaler's attack.
Your wind drake exhales a fierce blast of wind!
You are blown backwards!
The merfolk siren and the merfolk impaler are blown away by the wind.
The water elemental hits your snapping turtle.
You feel sick. Something hits your manticore. Something freezes your manticore.
Your snapping turtle bites the water elemental but does no damage.
The merfolk impaler completely misses you.
The water elemental hits your snapping turtle.
The merfolk javelineer throws a silver javelin.
Your wind drake deflects the silver javelin!
The silver javelin closely misses you.
You hear a splash.
The merfolk impaler misses your merfolk.
The merfolk javelineer throws a silver javelin.
The silver javelin pierces through you.
* * * LOW HITPOINT WARNING * * *
x2 You hear a splash.
Your manticore flicks its tail.
The volley of spikes hits the merfolk impaler!
Your merfolk aquamancer misses the merfolk impaler.
Your merfolk hits the water elemental from afar with a +0 trident!
The water elemental is destroyed!
The merfolk siren chants its luring song.
Your snapping turtle bites the merfolk impaler!!
Your wind drake barely misses the merfolk impaler.
The merfolk impaler hits your wind drake with a +2 trident of protection!
The merfolk impaler hits your merfolk with a +2 trident of venom!
You see here 3 silver javelins.
You feel sick.
The merfolk javelineer throws a silver javelin.
Your wind drake deflects the silver javelin!
The silver javelin pierces through you!
* * * LOW HITPOINT WARNING * * *
x2 You hear a splash.
The merfolk impaler hits your manticore from afar with a +2 trident of protection!!
Your wind drake bites the merfolk impaler.
Your merfolk hits the merfolk impaler but does no damage.
Something barely misses you.
Your snapping turtle bites the merfolk impaler from afar!
The merfolk impaler closely misses your wind drake.
The merfolk impaler hits your snapping turtle but does no damage.
Your snapping turtle is poisoned.
The merfolk siren chants its luring song.
The merfolk javelineer throws a silver javelin.
Your wind drake deflects the silver javelin!
The silver javelin pierces through the merfolk impaler.
The merfolk impaler dies!
You hear a splash. x2
The silver javelin closely misses you.
You hear a splash.
Your manticore flicks its tail.
The volley of spikes hits the merfolk javelineer!!
Your snapping turtle misses the merfolk impaler.
Your merfolk completely misses the merfolk impaler.
Found a short sword.
* * * LOW HITPOINT WARNING * * *
You feel sick.
Your merfolk dissolves into shadows!
The merfolk javelineer throws a silver javelin.
Your wind drake deflects the silver javelin!
The silver javelin barely misses you.
You hear a splash.
Something hits you.
You die...

≈≈,,,,,,≈≈*,,*≈#≈,,,#≈≈≈≈≈,,,,,**
≈≈≈≈,,≈≈≈≈#*≈≈#≈≈≈#≈≈≈≈≈≈m≈...,,,
≈≈≈≈≈≈≈≈≈≈)#*≈≈≈≈#≈#≈≈≈≈≈≈....,≈≈
≈≈≈≈≈≈≈≈≈≈..#*,≈≈≈#≈≈≈m≈......≈≈≈
≈≈≈≈≈≈≈≈≈≈...####≈≈≈≈≈≈≈.≈≈≈,≈≈≈≈
≈≈≈≈≈≈≈≈≈≈≈.≈≈≈≈≈mm≈≈≈≈..≈≈≈≈≈≈≈≈
≈≈≈≈≈≈≈≈≈≈≈≈≈≈≈≈≈k≈m≈t##≈##≈≈≈≈≈≈
≈≈≈≈≈≈≈≈≈≈≈≈≈≈m≈≈≈{≈)≈#≈≈$#≈≈≈≈≈≈
≈≈≈≈≈≈≈≈≈≈≈≈≈≈≈≈@≈Hm)(≈≈∩≈≈(≈≈≈≈≈
≈≈≈≈≈≈≈≈≈≈≈≈≈≈≈≈≈≈≈)((#≈(≈#≈≈≈≈≈≈
≈≈≈≈≈≈≈≈≈≈≈≈≈≈≈≈≈(≈(≈≈##≈##≈≈≈≈≈≈
≈≈≈≈≈≈≈≈≈≈..≈≈≈((≈≈≈≈≈≈≈≈≈≈≈≈≈≈≈≈
≈≈≈≈≈≈≈≈.[..≈≈((≈≈≈≈≈≈≈≈≈≈≈≈≈≈≈≈≈
≈≈≈≈≈....##.≈≈≈≈≈≈≈≈≈≈≈≈≈≈≈≈≈≈≈≈≈
≈≈≈≈≈≈≈...##≈≈≈≈≈≈≈≈≈≈≈≈≈≈≈≈≈≈≈≈≈
≈≈≈≈≈≈≈≈≈....≈≈≈≈≈≈≈≈≈≈≈≈≈≈≈≈≈≈≈≈
≈≈≈≈≈≈≈≈≈.≈≈≈≈≈≈≈≈≈≈≈≈≈≈≈≈≈≈≈≈≈≈≈


You could see a merfolk impaler, 2 merfolk javelineers, a merfolk siren, a water
nymph, a friendly merfolk aquamancer, a friendly snapping turtle, a friendly
wind drake and a friendly manticore.

Vanquished Creatures
  Rupert (D:12)
  The ghost of Waecyras the Bringer of Law, an adept KoGl of Zin (D:15)
  A frost giant (IceCv)
  Louise (D:14)
  Nessos (Lair:4)
  A minotaur (Gauntlet)
  Snorg (Lair:4)
  2 merfolk javelineers (Shoals:4)
  3 merfolk impalers
  A fire dragon (D:15)
  Josephine (Lair:5)
  Harold (D:7)
  An ice dragon (D:15)
  A catoblepas (Lair:2)
  2 alligator snapping turtles (Shoals:4)
  7 hydras
  3 centaur warriors
  A merfolk aquamancer (Shoals:4)
  A merfolk avatar (Shoals:1)
  A satyr (Shoals:4)
  4 death yaks (IceCv)
  4 two-headed ogres
  A fire crab (D:11)
  5 unseen horrors
  7 skeletal warriors
  8 sea snakes
  Pikel (D:6)
  A wizard (D:14)
  4 deep elf magi
  A harpy (Shoals:4)
  4 fauns
  10 ugly things
  6 manticores
  5 cyclopes
  A manticore (shapeshifter) (D:14)
  3 black mambas
  A water nymph (Shoals:4)
  An ice statue (IceCv)
  3 centaur skeletons
  A torpor snail (Lair:6)
  4 merfolk sirens
  2 minotaur zombies (Gauntlet)
  3 rime drakes (Lair:4)
  14 spiny frogs
  6 komodo dragons
  A redback zombie (D:14)
  An efreet (D:14)
  A polar bear (shapeshifter) (D:13)
  A wind drake (Shoals:1)
  5 trolls
  A jumping spider (Lair:3)
  21 polar bears
  16 merfolk
  A wolf spider simulacrum (Gauntlet)
  4 hornets (Lair:6)
  11 hippogriffs
  17 blink frogs
  3 snapping turtles
  5 dream sheep
  Sigmund (D:2)
  A shadow (D:12)
  A tarantella (shapeshifter) (D:14)
  A spriggan (shapeshifter) (D:14)
  9 wyverns
  16 spriggans
  2 water elementals
  5 wraiths (Lair:5)
  4 centaur simulacra
  70 yaks
  4 fire bats (Lair:5)
  5 basilisks
  A yak (shapeshifter) (D:11)
  2 hungry ghosts
  4 vampire mosquitoes (D:14)
  An acid dragon (Gauntlet)
  A hydra simulacrum (Gauntlet)
  11 water moccasins
  Duvessa (D:7)
  10 porcupines
  5 orc warriors
  5 black bears
  Purgy (Sewer)
  A hornet zombie (D:11)
  3 phantoms
  3 eyes of draining
  7 ice beasts
  5 sky beasts
  A slave (D:6)
  A necrophage (D:8)
  43 wolves
  8 boggarts
  5 ogres
  14 centaurs
  16 crocodiles
  A big kobold (D:11)
  A gnoll sergeant (D:9)
  18 bullfrogs
  A wyvern zombie (D:13)
  2 wyvern skeletons
  5 scorpions
  Dowan (D:7)
  23 killer bees
  4 wights (D:11)
  2 howler monkeys (D:4)
  A lava snake (Lair:5)
  6 bullfrog zombies
  4 crimson imps
  2 centaur zombies
  A gnoll shaman (D:5)
  8 hounds
  2 jellies
  9 orc priests
  A bullfrog skeleton (D:11)
  6 iguanas
  11 orc wizards
  Jessica (D:3)
  7 hell rats (Lair:6)
  Terence (D:3)
  Natasha (thrice) (D:2)
  14 worker ants
  A hound skeleton (D:8)
  2 hound zombies
  9 adders
  9 gnolls
  3 river rats (Lair:6)
  4 shadow imps
  12 white imps (Lair:5)
  An ooze (D:1)
  2 adder zombies
  2 adder skeletons (D:4)
  A worm (D:2)
  3 dart slugs
  10 leopard geckos
  47 orcs
  12 giant cockroaches
  4 goblins
  8 hobgoblins
  12 jackals
  15 kobolds
  3 quokkas
  A ball python (D:5)
  5 bats
  6 frilled lizards
  A jackal skeleton (D:4)
  A jackal zombie (D:5)
  A quokka skeleton (D:4)
  A quokka zombie (D:5)
  17 rats
  A fungus (Lair:1)
  6 plants
823 creatures vanquished.

Vanquished Creatures (collateral kills)
  A merfolk javelineer (Shoals:4)
  An orc (D:7)
2 creatures vanquished.

Vanquished Creatures (others)
  2 merfolk impalers (Shoals:4)
  A sky beast (D:11)
  A wyvern zombie (D:11)
  An orc wizard (D:5)
  A shadow imp (D:6)
  6 bushes
  A demonic plant (Gauntlet)
  15 fungi
  20 plants
  4 tentacles (Shoals:4)
52 creatures vanquished.

Grand Total: 877 creatures vanquished

Notes
Turn   | Place    | Note
-------+----------+-------------------------------------------
     0 | D:1      | EnegeticOcto the Minotaur Fighter began the quest for the
                  | Orb.
     0 | D:1      | Reached XP level 1. HP: 19/19 MP: 0/0
   252 | D:1      | Reached XP level 2. HP: 27/27 MP: 1/1
   432 | D:1      | Reached skill level 3 in Axes
   582 | D:1      | Reached skill level 1 in Dodging
   805 | D:2      | Reached XP level 3. HP: 33/33 MP: 2/2
   813 | D:2      | Noticed Natasha
   825 | D:2      | Killed Natasha
  1168 | D:2      | Reached XP level 4. HP: 40/40 MP: 3/3
  1175 | D:2      | Noticed Sigmund
  1188 | D:2      | Killed Sigmund
  1188 | D:2      | Reached skill level 4 in Axes
  1188 | D:2      | Reached XP level 5. HP: 44/47 MP: 4/4
  1205 | D:2      | Noticed Natasha
  1215 | D:2      | Killed Natasha
  1447 | D:2      | Noticed Natasha
  1455 | D:2      | Killed Natasha
  1455 | D:2      | Reached skill level 5 in Axes
  1455 | D:2      | Reached XP level 6. HP: 43/53 MP: 5/5
  1798 | D:3      | Noticed Jessica
  1802 | D:3      | Killed Jessica
  1809 | D:3      | Noticed Terence
  1824 | D:3      | Killed Terence
  2093 | D:4      | Reached skill level 5 in Armour
  2129 | D:4      | Reached skill level 5 in Fighting
  2129 | D:4      | Reached skill level 5 in Shields
  2205 | D:4      | Reached XP level 7. HP: 61/61 MP: 6/6
  2245 | D:4      | Reached skill level 6 in Axes
  3000 | D:5      | Entered Level 5 of the Dungeon
  3044 | D:5      | Found a stormy altar of Qazlal.
  3044 | D:5      | Noticed a fire elemental
  3045 | D:5      | Noticed an air elemental
  3046 | D:5      | Noticed a water elemental
  3134 | D:5      | Found a staircase to the Ecumenical Temple.
  3140 | Temple   | Entered the Ecumenical Temple
  3234 | Temple   | Became a worshipper of Warmaster Okawaru
  3325 | D:5      | Reached skill level 7 in Axes
  3331 | D:5      | Reached XP level 8. HP: 45/69 MP: 7/7
  3655 | D:5      | Found a burning altar of Makhleb.
  3713 | D:5      | Reached skill level 1 in Invocations
  3960 | D:5      | Found a glowing silver altar of Zin.
  3961 | D:5      | Noticed a blizzard demon
  3961 | D:5      | Noticed an angel
  3968 | D:5      | Reached * piety under Okawaru
  4136 | D:6      | Found Kuonkut's Antique Armour Emporium.
  4169 | D:6      | Found a bloodstained altar of Trog.
  4253 | D:6      | Found a sacrificial altar of Ru.
  4412 | D:6      | Found a glowing drain.
  4416 | D:6      | Noticed Pikel
  4434 | D:6      | Killed Pikel
  4434 | D:6      | Reached ** piety under Okawaru
  4434 | D:6      | Reached skill level 8 in Axes
  4446 | Sewer    | Entered a sewer
  4543 | Sewer    | Noticed Purgy
  4546 | Sewer    | Killed Purgy
  4546 | Sewer    | Reached XP level 9. HP: 73/78 MP: 6/9
  4703 | D:7      | Reached skill level 5 in Dodging
  4778 | D:7      | Noticed Duvessa
  4778 | D:7      | Noticed Dowan
  4787 | D:7      | Killed Dowan
  4800 | D:7      | Killed Duvessa
  5014 | D:7      | Found a radiant altar of Vehumet.
  5024 | D:7      | Found a shadowy altar of Dithmenos.
  5033 | D:7      | Found a blossoming altar of Fedhas.
  5043 | D:7      | Reached skill level 9 in Axes
  5269 | D:7      | Found an opulent altar of Gozag.
  5270 | D:7      | Noticed Harold
  5292 | D:7      | Killed Harold
  5292 | D:7      | Reached *** piety under Okawaru
  5801 | D:8      | Reached skill level 10 in Axes
  5801 | D:8      | Reached XP level 10. HP: 86/86 MP: 10/12
  5966 | D:8      | Found an opulent altar of Gozag.
  6217 | D:8      | Found a glowing golden altar of the Shining One.
  6299 | D:9      | Found Betilicu's Antique Weapon Shop.
  6311 | D:9      | Reached **** piety under Okawaru
  6320 | D:9      | Received a gift from Okawaru
  6753 | D:9      | Reached skill level 11 in Axes
  6762 | D:9      | Reached ***** piety under Okawaru
  6762 | D:9      | Received a gift from Okawaru
  6771 | D:9      | Reached skill level 5 in Invocations
  7268 | D:9      | Found a shimmering blue altar of Sif Muna.
  7288 | D:9      | Found a hazy altar of Hepliaklqana.
  7365 | D:9      | Found a staircase to the Lair.
  7446 | D:10     | Entered Level 10 of the Dungeon
  7517 | D:10     | Reached XP level 11. HP: 95/95 MP: 13/13
  7562 | D:10     | Killed an unseen horror
  7899 | D:10     | Found a shimmering altar of Xom.
  8189 | D:10     | Received a gift from Okawaru
  8328 | D:10     | Killed an unseen horror
  8396 | D:10     | Noticed a deep elf mage
  8402 | D:10     | Killed a deep elf mage
  8402 | D:10     | Reached skill level 12 in Axes
  8457 | D:10     | Found a shattered altar of Ashenzari.
  8825 | D:11     | Noticed a fire crab
  8894 | D:11     | Killed a fire crab
  9274 | D:11     | Noticed a two-headed ogre
  9282 | D:11     | Killed a two-headed ogre
  9550 | D:11     | Found a staircase to the Orcish Mines.
 10449 | Lair:1   | Entered Level 1 of the Lair of Beasts
 10499 | Lair:1   | Reached XP level 12. HP: 96/106 MP: 15/15
 10506 | Lair:1   | Reached skill level 10 in Shields
 10691 | Lair:1   | Reached skill level 13 in Axes
 10742 | Lair:1   | Reached skill level 10 in Armour
 11016 | Lair:1   | Received a gift from Okawaru
 11019 | Lair:1   | Got a dazzling hand axe {god gift}
 11020 | Lair:1   | Identified the +1 hand axe of Intuition {flame, rElec rC-
                  | MR+ Dex+6} (Okawaru gifted it to you on level 1 of the Lair
                  | of Beasts)
 11062 | Lair:1   | Noticed a five-headed hydra
 11072 | Lair:1   | Killed a one-headed hydra
 11072 | Lair:1   | Reached skill level 10 in Fighting
 11631 | Lair:2   | Reached ****** piety under Okawaru
 11703 | Lair:2   | Noticed a catoblepas
 11728 | Lair:2   | Killed a catoblepas
 12048 | Lair:2   | Noticed an eight-headed hydra
 12060 | Lair:2   | Killed a three-headed hydra
 12328 | Lair:3   | Noticed a six-headed hydra
 12338 | Lair:3   | Killed a one-headed hydra
 12342 | Lair:3   | Found a hole to the Spider Nest.
 12998 | Lair:3   | Reached skill level 14 in Axes
 13001 | Lair:3   | Received a gift from Okawaru
 13625 | Lair:4   | Reached XP level 13. HP: 102/114 MP: 14/17
 13888 | Lair:4   | Found a staircase to the Shoals.
 14237 | Lair:4   | Noticed Snorg
 14249 | Lair:4   | Killed Snorg
 14322 | Lair:4   | Received a gift from Okawaru
 14415 | Lair:4   | Noticed Nessos
 14424 | Lair:4   | Killed Nessos
 15138 | Lair:5   | Found a frozen archway.
 15169 | Lair:5   | Found a runed translucent door.
 15174 | IceCv    | Entered an ice cave
 15271 | IceCv    | Reached skill level 15 in Axes
 15347 | IceCv    | Reached skill level 10 in Dodging
 15376 | IceCv    | Received a gift from Okawaru
 16034 | IceCv    | Received a gift from Okawaru
 16048 | IceCv    | Got a jewelled broad axe {god gift}
 16049 | IceCv    | Identified the +5 broad axe "Sapsoc" {flame, Str+3 Int+4
                  | Dex+3} (Okawaru gifted it to you in an ice cave)
 16129 | IceCv    | Noticed a frost giant
 16137 | IceCv    | Killed a frost giant
 16137 | IceCv    | Reached XP level 14. HP: 123/125 MP: 19/19
 16261 | IceCv    | Got a crude lead ring
 16264 | IceCv    | Identified the ring of Finality {rN+ Str+3 Stlth+} (You
                  | found it in an ice cave)
 16546 | Lair:5   | Found a viscous altar of Jiyva.
 16546 | Lair:5   | Found a staircase to the Slime Pits.
 16546 | Lair:5   | Noticed an acid blob
 16587 | Lair:5   | Noticed Josephine
 16595 | Lair:5   | Killed Josephine
 16684 | Lair:5   | Received a gift from Okawaru
 17410 | Lair:6   | Entered Level 6 of the Lair of Beasts
 17586 | Lair:6   | Reached skill level 16 in Axes
 18481 | Lair:6   | Received a gift from Okawaru
 18754 | D:12     | Found Ygocis's Jewellery Shoppe.
 18820 | D:12     | Found a gate leading to a gauntlet.
 18829 | Gauntlet | Entered a Gauntlet
 18829 | Gauntlet | Found a transporter.
 18829 | Gauntlet | Found a transporter.
 18829 | Gauntlet | Found a transporter.
 18931 | Gauntlet | Found a transporter.
 18941 | Gauntlet | Found a transporter.
 18945 | Gauntlet | Found a transporter.
 18955 | Gauntlet | Found a transporter.
 18969 | Gauntlet | Noticed an entropy weaver
 18977 | Gauntlet | Found a transporter.
 18982 | Gauntlet | Found a transporter.
 19006 | Gauntlet | Found a transporter.
 19006 | Gauntlet | Found a transporter.
 19046 | Gauntlet | Found a transporter.
 19156 | Gauntlet | Got a pair of shimmering gloves
 19268 | Gauntlet | Identified the +0 pair of gloves of Good Intentions {Int+2}
                  | (You found it in a Gauntlet)
 19662 | D:12     | Noticed Rupert
 19676 | D:12     | Killed Rupert
 19832 | D:12     | Reached XP level 15. HP: 134/134 MP: 21/21
 20637 | D:14     | Received a gift from Okawaru
 20775 | D:14     | Noticed Louise
 20788 | D:14     | Killed Louise
 20788 | D:14     | Reached skill level 17 in Axes
 20788 | D:14     | Reached skill level 10 in Invocations
 20845 | D:14     | Found Tablugi's Antique Armour Shop.
 20853 | D:14     | Bought a runed scarf for 208 gold pieces
 20941 | D:14     | Found a gate to the Vaults.
 21186 | D:14     | Found Miosot's Distillery.
 21214 | D:14     | Bought a potion of resistance for 150 gold pieces
 21214 | D:14     | Bought a potion of haste for 150 gold pieces
 21214 | D:14     | Bought a potion of heal wounds for 75 gold pieces
 21214 | D:14     | Bought a potion of heal wounds for 75 gold pieces
 21314 | D:14     | Found Huott's Assorted Antiques.
 21465 | D:15     | Entered Level 15 of the Dungeon
 21508 | D:15     | Received a gift from Okawaru
 21759 | D:15     | Found a runed translucent door.
 22212 | D:15     | Found a white marble altar of Elyvilon.
 22356 | D:15     | Found a white marble altar of Elyvilon.
 22488 | D:15     | Found a staircase to the Depths.
 22602 | D:15     | Noticed Waecyras's ghost (adept KoGl)
 22618 | D:15     | Killed Waecyras's ghost
 22628 | D:15     | Identified the cursed +0 plate armour "Zoet" {MP+9 Int+5
                  | Dex-5} (You found it on level 15 of the Dungeon)
 22832 | Shoals:1 | Entered Level 1 of the Shoals
 23108 | Shoals:1 | Received a gift from Okawaru
 23609 | Shoals:3 | Found a large runed translucent door.
 23609 | Shoals:3 | Found a large runed translucent door.
 23609 | Shoals:3 | Noticed archon2's ghost (adept DEFE)
 23804 | Shoals:3 | Reached XP level 16. HP: 137/144 MP: 22/22
 23838 | Shoals:4 | Entered Level 4 of the Shoals
 23843 | Shoals:4 | Received a gift from Okawaru
 23898 | Shoals:4 | Reached skill level 18 in Axes
 24648 | Shoals:4 | Noticed a kraken
 24674 | Shoals:4 | Found a flickering gateway to a bazaar.
 24677 | Shoals:4 | Noticed Ilsuiw
 24701 | Shoals:4 | HP: 3/145 [merfolk javelineer/silver javelin (7)]
 24702 | Shoals:4 | HP: 1/145 [poisoned by a merfolk impaler]
 24702 | Shoals:4 | Slain by Ilsuiw

Levels and vault maps discovered:
D:1:      dpeg_arrival_shelter, layout_basic
D:2:      layout_rooms, first_ration, minmay_misc_feat_square,
          minmay_misc_feat_enclosed, feat_on_display, uniq_sigmund, uniq_natasha
D:3:      layout_rooms, uniq_terence, uniq_jessica
D:4:      layout_loops_ring
D:5:      layout_loops_ring, grunt_temple_overflow_order_and_chaos_2,
          minmay_temple_entry_hall, nicolae_qazlal_style_of_elements
D:6:      layout_basic, lemuel_coloured_pillars_altar, old_standard_altar,
          portal_sewer_entry_f, serial_shops, nicolae_shop_stone, uniq_pikel
D:7:      wander_river, layout_basic, nicolae_overflow_hidden_temple,
          grunt_dithmenos_smoke_and_mirrors, lemuel_crystal_altar, the_bakery,
          nicolae_gozag_seed_capital, uniq_harold, uniq_duvessa
D:8:      layout_cave_pools, old_standard_altar, marbit_many_paths
D:9:      layout_roguey, lemuel_round_altar, minmay_lair_entry_grove,
          serial_shops, shop, led_sif_book
D:10:     layout_irregular_city, basic_altar, lemuel_centaur_altar
D:11:     hangedman_cross_cluster, layout_basic, orc_0_dummy
D:12:     layout_rooms, gauntlet_entry_generic, serial_shops,
          nicolae_shop_statue_plus, hangedman_decor_lopped, uniq_rupert
D:13:     layout_rooms
D:14:     layout_rooms, david_vaults_2, serial_shops, shop, shop, shop,
          chequers_serial_rivers_small_3, uniq_louise
D:15:     grunt_enter_depths_hoard, layout_irregular_city, lemuel_doored_altar,
          ebering_ghost_reflecting_pool, elyvilon_altar_3
Temple:   nicolae_temple_hex_pool
Lair:1:   layout_roguey
Lair:2:   layout_misc_corridors, chequers_serial_rivers_room_b
Lair:3:   layout_loops_ring, spider_nest_entry_rubble, forest_entry_grove
Lair:4:   layout_cave_pods, minmay_shoals_entry_lonely_mermaid, special_room
          [special_room_mythical_zoo], kilobyte_rumbling_trees, uniq_nessos,
          uniq_snorg
Lair:5:   layout_gridlike, slime_altar_2, portal_ice_cave_entry_imps,
          grunt_forest_small_clearing_treed, grunt_megastairs_4, uniq_josephine
Lair:6:   minmay_lair_end_enchanted_forest, layout_small_grid,
          kennysheep_abandoned_house
Shoals:1: layout_shoals, nicolae_shoals_loop_pool
Shoals:2: layout_shoals
Shoals:3: gammafunk_the_bubble [the_bubble_gammafunk_grid], layout_shoals,
          ebering_ghost_disaster_area, nicolae_alphabet_shops, uniq_polyphemus,
          uniq_nikola
Shoals:4: shoals_end_simple, layout_shoals, shoals_ilsuiw_alternative,
          serial_shops, bzr_entry_gold

Skill      XL: |  1  2  3  4  5  6  7  8  9 10 11 12 13 14 15 16 |
---------------+-------------------------------------------------+-----
Axes           | 3 4 5 7 8 10 11 12 14 15 16 17 18 | 18.2
Dodging        | 1 2 3 4 6 7 8 9 10 11 12 | 12.2
Fighting       | 4 5 6 7 8 9 10 11 12 13 | 13.7
Armour         | 4 5 6 7 8 9 10 11 12 13 | 13.9
Shields        | 4 5 6 7 8 9 10 11 12 13 | 13.9
Invocations    | 2 4 5 6 7 8 9 10 | 10.9

Action                   |  1- 3 |  4- 6 |  7- 9 | 10-12 | 13-15 | 16-18 || total
-------------------------+-------+-------+-------+-------+-------+-------++-------
Melee: War axe           |    88 |   152 |   335 |   578 |   105 |       ||  1258
       Headbutt          |    13 |    26 |    55 |   201 |   381 |    27 ||   703
       Hand axe          |       |       |       |   229 |   373 |       ||   602
       Broad axe         |       |       |       |       |   796 |    84 ||   880
Invok: Heroism           |       |       |     5 |     6 |    11 |     3 ||    25
       Finesse           |       |       |       |     1 |     6 |     3 ||    10
Evoke: Wand              |       |       |       |     1 |     4 |       ||     5
  Use: Scroll            |       |     9 |     4 |     7 |     7 |     3 ||    30
       Potion            |       |       |     1 |     2 |     1 |     5 ||     9
 Stab: Paralysed         |       |       |       |       |     4 |       ||     4
  Eat: Chunk             |     1 |     4 |    12 |    19 |    26 |     1 ||    63
       Ration            |       |       |       |     2 |     2 |     1 ||     5
Armor: Scale mail        |    27 |       |       |       |       |       ||    27
       Plate armour      |     8 |    99 |   223 |   154 |    67 |    27 ||   578
       Crystal plate arm |       |       |       |   250 |   372 |       ||   622
Dodge: Dodged            |    25 |    29 |    85 |   237 |   366 |    85 ||   827
Block: Shield            |    53 |    84 |   193 |   491 |   787 |    83 ||  1691
